 Dungeon Crawl Stone Soup version 0.28-a0-751-gef3a642a4e (webtiles) character file.

Game seed: 14245681710211431712

457 KoroneIsBestGirl the Chiller (level 7, -4/46 HPs)
             Began as a Barachi Ice Elementalist on Oct 31, 2021.
             Slain by Duvessa (8 damage)
             ... on level 4 of the Dungeon.
             The game lasted 00:04:40 (4313 turns).

KoroneIsBestGirl the Chiller (BaIE)                 Turns: 4313, Time: 00:04:41

Health: -4/46      AC:  3    Str: 10    XL:     7   Next: 6%
Magic:  12/13      EV: 12    Int: 17    God:
Gold:   71         SH:  5    Dex: 12    Spells: 10/14 levels left

rFire   . . .      SeeInvis +   c - +0 dagger
rCold   . . .      Faith    .   (no shield)
rNeg    . . .      Spirit   .   e - +0 leather armour
rPois   .          Reflect  +   (no helmet)
rElec   .          Harm     .   (no cloak)
rCorr   .          Rampage  .   (no gloves)
Will    .....                   (no boots)
Stlth   ++........              i - amulet of reflection
HPRegen 0.15/turn               m - ring of see invisible
MPRegen 0.13/turn               (no ring)

@: unable to hop, slow
A: amphibious, slowness 1, strong legs 1, +LOS
a: Hop


You were on level 4 of the Dungeon.
You visited 1 branch of the dungeon, and saw 5 of its levels.

You collected 71 gold pieces.

Inventory:

Hand Weapons
 c - a +0 dagger (weapon)
Armour
 a - a +0 robe
 e - a +0 leather armour (worn)
Jewellery
 i - an amulet of reflection (around neck)
 m - a ring of see invisible (left hand)
Scrolls
 b - a scroll of vulnerability {unknown}
 d - a scroll of magic mapping {unknown}
 j - a scroll of brand weapon {unknown}
 k - a scroll of identify {unknown}
 n - a scroll of teleportation {unknown}
 o - a scroll of amnesia {unknown}
 p - a scroll of noise {unknown}
Potions
 f - 3 potions of heal wounds {unknown}
 g - a potion of mutation {unknown}
 h - a potion of might {unknown}
 l - 2 potions of flight {unknown}


   Skills:
 + Level 3.6 Armour
 + Level 4.4 Dodging
 - Level 1.7 Stealth
 + Level 4.2 Spellcasting
 + Level 6.5 Ice Magic


You had 10 spell levels left.
You knew the following spells:

 Your Spells              Type           Power      Damage    Failure   Level
a - Freeze                Ice            100%       1d11      1%          1
b - Frozen Ramparts       Ice            50%        1d7       4%          3

Your spell library contained the following spells:

 Spells                   Type           Power      Damage    Failure   Level
 Ozocubu's Armour         Ice            25%        N/A       4%          3
 Hailstorm                Conj/Ice       14%        3d5       47%         4
 Fireball                 Conj/Fire      1%         3d3       99%         5
 Iskenderun's Battlesphe  Conj           3%         2d6       99%         5
 Conjure Ball Lightning   Conj/Air       1%         3x3d6     100%        6
 Orb of Destruction       Conj           1%         N/A       100%        7


Dungeon Overview and Level Annotations

Branches:
Dungeon (5/15)
 Temple: D:4-7

Altars:

Shops:
D:2 *:(?*

Annotations:
D:4 Dowan, Duvessa


Innate Abilities, Weirdness & Mutations

You are amphibious.
You cover ground slowly.
You can hop short distances.
You have an extended range of vision and can be seen from far away.


Message History

You feel sick.
You feel sick.
You feel sick.
You feel sick.
Duvessa, Sister of Dowan comes into view.
She is wielding a +0 short sword.
You feel sick.
You feel sick.
You are no longer poisoned.
You see here a +0 dagger.
Duvessa shouts!
There is a stone staircase leading down here.
You climb downwards.
You hear the sound of rushing water.
There is an entrance to a sewer on this level.
Hurry and find it before the portal rusts away!
There is a stone staircase leading up here.
You climb upwards.
Level annotation: Dowan, Duvessa
There is a stone staircase leading down here.
You block Duvessa's attack.
Duvessa says, "Where magic fails, the sword succeeds!"
Duvessa closely misses you.
Duvessa says, "My weaknesses are his strengths!"
Duvessa says, "When magic and the sword combine, nothing stands against them."
Duvessa barely misses you.
Dowan casts a spell at Duvessa.
Duvessa seems to speed up.
Hop to where?
Press: ? - help, Dir - move target Boing!
Duvessa gestures with her weapon.
Duvessa says, "I don't care about looks, I care about technique!"
Duvessa hits you with a +0 short sword!
* * * LOW HITPOINT WARNING * * *
You block Duvessa's attack. Duvessa hits you with a +0 short sword.
* * * LOW HITPOINT WARNING * * *
You block Duvessa's attack.
There is a stone staircase leading up here.
Duvessa hits you with a +0 short sword!
You die...

....####.# ##.######
#... #.# #..# #.## #)#
#..## ###+## #.# #.e.#
#..... #.# #.#.##
#..... #[# #.#..#
#..... #.........##.##
#.....
###.########..###.....
#.#@e...e...........
#.####..(...........
#.# ##.........##.##
#..............##.#
..##########.####.#
..# ###.#<...#
####......#.#
#....)#.#.#.#
#.....#.#...#


You could see Duvessa (fast) and Dowan.

Vanquished Creatures
  Sigmund (D:3)
  A black bear (D:4)
  Blork the orc (D:4)
  A hound skeleton (D:4)
  3 gnolls (D:3)
  An adder (D:2)
  An adder skeleton (D:4)
  A dart slug (D:1)
  An orc (D:4)
  6 bats
  5 endoplasms
  2 giant cockroaches
  5 goblins
  7 hobgoblins
  12 jackals
  3 kobolds (D:1)
  5 quokkas
  6 ball pythons
  9 frilled lizards
  3 rats
74 creatures vanquished.

Notes
Turn   | Place    | Note
-------+----------+-------------------------------------------
     0 | D:1      | KoroneIsBestGirl the Barachi Ice Elementalist began the
                  | quest for the Orb.
     0 | D:1      | Reached XP level 1. HP: 13/13 MP: 3/3
   340 | D:1      | Reached skill level 5 in Ice Magic
   340 | D:1      | Reached XP level 2. HP: 19/19 MP: 1/5
  1102 | D:1      | Reached XP level 3. HP: 23/24 MP: 2/6
  1106 | D:1      | Learned a level 3 spell: Frozen Ramparts
  1303 | D:1      | Found a faded altar of an unknown god.
  1436 | D:1      | You fall into a shaft and drop 1 floor!
  1508 | D:2      | Found Irhanua's Weapon Boutique.
  1541 | D:2      | Reached skill level 1 in Armour
  1952 | D:2      | Found Vurac's General Store.
  2089 | D:2      | Reached XP level 4. HP: 28/30 MP: 4/8
  2176 | D:2      | Found Togulunn's Magic Scroll Shoppe.
  2265 | D:2      | Found Qelo's Assorted Antiques.
  2519 | D:2      | Found Eddee's Book Shoppe.
  3373 | D:3      | Noticed Sigmund
  3384 | D:3      | Killed Sigmund
  3385 | D:3      | Reached skill level 6 in Ice Magic
  3385 | D:3      | Reached XP level 5. HP: 34/35 MP: 1/10
  3385 | D:3      | Reached XP level 6. HP: 40/41 MP: 1/11
  4023 | D:4      | Noticed a black bear
  4036 | D:4      | Killed a black bear
  4270 | D:4      | Noticed Blork the orc
  4278 | D:4      | Killed Blork the orc
  4279 | D:4      | Reached XP level 7. HP: 24/46 MP: 7/13
  4283 | D:4      | Noticed Duvessa
  4291 | D:4      | Noticed Dowan
  4292 | D:5      | Entered Level 5 of the Dungeon
  4313 | D:4      | Slain by Duvessa

Illustrated notes

Levels and vault maps discovered:
D:1:      eino_arrival_tree_alley, layout_loops_corners,
          dreamdust_ecumenical_altar_angels_and_demons, kennysheep_small_spiral,
          minivault_4
D:2:      layout_loops_ring, serial_shops, nicolae_lakefront_shop,
          nicolae_shop_trees, shop, nicolae_lakefront_shop, shop
D:3:      layout_basic, uniq_sigmund
D:4:      layout_basic, uniq_eustachio, uniq_duvessa, uniq_blork_the_orc
D:5:      layout_loops_cross, portal_sewer_entry_d, water_maze_lemuel

Skill      XL: |  1  2  3  4  5  6 |
---------------+-------------------+-----
Ice Magic      | 5 6 |  6.5
Armour         | 1 3 |  3.6
Dodging        | 3 4 |  4.4
Spellcasting   | 3 4 |  4.2
Stealth        | |  1.7

Action                   |  1- 3 |  4- 6 |  7- 9 || total
-------------------------+-------+-------+-------++-------
Melee: Unarmed           |     1 |       |       ||     1
       Dagger            |    11 |    31 |       ||    42
 Cast: Freeze            |    52 |    38 |       ||    90
       Frozen Ramparts   |     4 |     5 |       ||     9
 Abil: Hop               |       |       |     1 ||     1
 Stab: Sleeping          |     1 |       |       ||     1
Armor: Robe              |     5 |       |       ||     5
       Leather armour    |     5 |    16 |       ||    21
Dodge: Dodged            |    36 |    39 |     2 ||    77
Block: Other             |     1 |    12 |     3 ||    16

Table legend: (Time is in decaauts)
 A = Elapsed time spent in this place.
 B = Non-inter-level travel time spent in this place.
 C = Inter-level travel time spent in this place.
 D = Time resting spent in this place.
 E = Time spent auto-exploring this place.
 F = Levels seen in this place.
 G = Mean time per level.
                   A        B        C        D        E       F      G
               +--------+--------+--------+--------+--------+-----+--------+
         Total |   4837 |   4612 |    225 |      0 |   4095 |   5 |  967.4 |
       Dungeon |   4837 |   4612 |    225 |      0 |   4095 |   5 |  967.4 |
               +--------+--------+--------+--------+--------+-----+--------+

Top non-repeatable levels by time:
     D:1: 1616 daAuts
     D:3: 1601 daAuts
     D:2: 1233 daAuts
     D:4: 384 daAuts
     D:5: 1 daAuts
